[ PARTIDA AOE2 · #465740719 ]
UnrankedSicilianos vs Celts
[ ANÁLISIS DE REPETICIÓN · EXTRAÍDO DE LA PARTIDA GRABADA ]
Feudal
—
Castillos
—
Imperial
—
| APM promedio | 20.0 |
| APM pico | 13 |
| eAPM promedio | 20.0 |
| Aldeanos / militares | 3 / 0 |
Foco
⚔️ 0.0% · 🌾 100.0%
Feudal
—
Castillos
—
Imperial
—
| APM promedio | 20.0 |
| APM pico | 13 |
| eAPM promedio | 20.0 |
| Aldeanos / militares | 4 / 0 |
Foco
⚔️ 25.0% · 🌾 75.0%
Feudal
—
Castillos
—
Imperial
—
| APM promedio | 15.4 |
| APM pico | 10 |
| eAPM promedio | 12.3 |
| Aldeanos / militares | 3 / 0 |
Foco
⚔️ 0.0% · 🌾 100.0%
Feudal
—
Castillos
—
Imperial
—
| APM promedio | 24.6 |
| APM pico | 16 |
| eAPM promedio | 23.1 |
| Aldeanos / militares | 4 / 0 |
Foco
⚔️ 0.0% · 🌾 100.0%
Feudal
—
Castillos
—
Imperial
—
| APM promedio | 21.5 |
| APM pico | 14 |
| eAPM promedio | 20.0 |
| Aldeanos / militares | 4 / 0 |
Foco
⚔️ 14.3% · 🌾 85.7%
Feudal
—
Castillos
—
Imperial
—
| APM promedio | 4.6 |
| APM pico | 3 |
| eAPM promedio | 4.6 |
| Aldeanos / militares | 0 / 0 |
Feudal
—
Castillos
—
Imperial
—
| APM promedio | 18.5 |
| APM pico | 12 |
| eAPM promedio | 18.5 |
| Aldeanos / militares | 4 / 0 |
Foco
⚔️ 11.1% · 🌾 88.9%
Feudal
—
Castillos
—
Imperial
—
| APM promedio | 15.4 |
| APM pico | 10 |
| eAPM promedio | 15.4 |
| Aldeanos / militares | 2 / 0 |
Foco
⚔️ 0.0% · 🌾 100.0%
Mapa de la partida
Recursos iniciales + cada clic de construcción. Líneas = muros · curvas = relieve. ◆ oro · ⬟ piedra · ● bayas · ✦ reliquia · ◌ hueco del cierre
Inputs por minuto
— Tibbers - - Eydo
Build order — Tibbers
3 acciones detectadas en el replay
| 0:01 | Crear | Villager (Male) |
| 0:01 | Crear | Villager (Male) |
| 0:05 | Crear | Villager (Male) |
Build order — Eydo
4 acciones detectadas en el replay
| 0:00 | Crear | Villager (Male) |
| 0:01 | Crear | Villager (Male) |
| 0:01 | Crear | Villager (Male) |
| 0:06 | Crear | Villager (Male) |
Build order — Micksonn
3 acciones detectadas en el replay
| 0:01 | Crear | Villager (Male) |
| 0:01 | Crear | Villager (Male) |
| 0:02 | Crear | Villager (Male) |
Build order — Jeluk
4 acciones detectadas en el replay
| 0:05 | Crear | Villager (Male) |
| 0:05 | Crear | Villager (Male) |
| 0:05 | Crear | Villager (Male) |
| 0:06 | Crear | Villager (Male) |
Build order — Lietuva_
4 acciones detectadas en el replay
| 0:02 | Crear | Villager (Male) |
| 0:03 | Crear | Villager (Male) |
| 0:03 | Crear | Villager (Male) |
| 0:03 | Crear | Villager (Male) |
Build order — Feid
0 acciones detectadas en el replay
Build order — Arken
5 acciones detectadas en el replay
| 0:03 | Crear | Villager (Male) |
| 0:04 | Crear | Villager (Male) |
| 0:04 | Crear | Villager (Male) |
| 0:05 | Crear | Villager (Male) |
| 0:16 | Construir | Palisade Wall |
Build order — Crawly94
2 acciones detectadas en el replay
| 0:01 | Crear | Villager (Male) |
| 0:01 | Crear | Villager (Male) |
Cronología de la partida
| 0:08 | Feid · resign |
| 0:16 | Arken · wall_segment Palisade Wall x1 |
[ ANÁLISIS IA · 1 CRÉDITO ]
¿Qué pasó realmente en esta partida?
Wolo.gg analiza cada decisión: build order, eco, micro, errores típicos por bracket. Análisis personalizado por WhatsApp o Discord en 30 segundos.
Guía civ
Sicilianos
Perfil
Jugador #283947